 Dungeon Crawl Stone Soup version 0.28.0-43-g3370ac3207 (webtiles) character file.

Game seed: 1340327462386718467

8596 jimonade the Martial Artist (level 11, -3/81 HPs)
             Began as a Gnoll Wanderer on Mar 16, 2022.
             Was an Initiate of Ashenzari.
             Slain by a vampire (9 damage)
             ... on level 12 of the Dungeon on Mar 17, 2022.
             The game lasted 01:42:40 (15828 turns).

jimonade the Martial Artist (Gnoll Wanderer)       Turns: 15828, Time: 01:42:40

Health: -3/81      AC: 17    Str: 10    XL:     11   Next: 33%
Magic:  30/30      EV: 13    Int: 19    God:    Ashenzari [......]
Gold:   383        SH:  0    Dex: 10    Spells: 19/23 levels left

rFire   . . .      SeeInvis .   Z - +5 scimitar
rCold   . . .      Faith    .   (no shield)
rNeg    . . .      Spirit   .   S - +2 acid dragon scales
rPois   .          Reflect  .   p - +2 helmet
rElec   .          Harm     .   d - +0 cloak
rCorr   +          Rampage  .   c - +2 pair of gloves
Will    .....                   (no boots)
Stlth   +++.......              r - amulet of magic regeneration
HPRegen 0.23/turn               u - ring of wizardry
MPRegen 0.62/turn               G - ring of magical power

@: no status effects
A: fangs 1, strong nose, distributed training
a: Renounce Religion, Curse Item


You were on level 12 of the Dungeon.
You worshipped Ashenzari.
Ashenzari was noncommittal.
You visited 2 branches of the dungeon, and saw 13 of its levels.

You collected 530 gold pieces.
You spent 147 gold pieces at shops.

Inventory:

Hand Weapons
 y - a +2 vampiric dagger
 C - a +2 halberd of flaming
 F - a +3 hunting sling
 J - the +6 hand axe of Zebb {vorpal, rC+ rCorr Int+3}
   (You found it on level 10 of the Dungeon)

   It inflicts extra damage upon your enemies.
   Int:       It affects your intelligence (+3).
   rC:        It protects you from cold.
   rCorr:     It protects you from acid and corrosion.
 N - a +2 dagger of electrocution
 T - a +1 shortbow of freezing
 Z - a +5 scimitar (weapon)
Missiles
 g - 384 stones
 k - 45 sling bullets
 t - 183 arrows
 v - 63 bolts
 A - 4 javelins
 B - 6 datura-tipped darts
 I - 15 boomerangs
 L - 19 poisoned darts
 M - a curare-tipped dart
Armour
 c - a +2 pair of gloves (worn)
 d - a +0 cloak (worn)
 m - a +0 plate armour
 p - a +2 helmet (worn)
 S - +2 acid dragon scales (worn)
 U - a +1 chain mail of cold resistance
Magical Staves
 h - a staff of fire
 i - a staff of poison
 P - a staff of conjuration
Jewellery
 j - a ring of fire
 r - an amulet of magic regeneration (around neck)
 u - a ring of wizardry (left hand)
 G - a ring of magical power (right hand)
Wands
 n - a wand of charming (8)
 s - a wand of iceblast (16)
 K - a wand of flame (25)
 Q - a wand of paralysis (8)
Scrolls
 a - 5 scrolls of teleportation
 e - a scroll of summoning
 f - a scroll of magic mapping
 l - a scroll of amnesia
 o - a scroll of fear
 x - a scroll of holy word {unknown}
 D - a scroll of enchant weapon
 O - 3 scrolls of blinking
 V - 2 scrolls of identify
Potions
 b - 4 potions of brilliance
 q - a potion of lignification
 w - 2 potions of heal wounds
 z - 2 potions of invisibility
 E - a potion of magic
 H - 2 potions of resistance {unknown}
 R - 4 potions of curing
 W - a potion of cancellation {unknown}
 X - a potion of mutation {unknown}


   Skills:
 + Level 6.2 Fighting
 + Level 6.2 Short Blades
 + Level 6.2 Long Blades
 + Level 6.2 Axes
 + Level 6.2 Maces & Flails
 + Level 6.2 Polearms
 + Level 6.2 Staves
 + Level 6.2 Slings
 + Level 6.2 Bows
 + Level 6.2 Crossbows
 + Level 6.2 Throwing
 + Level 6.7 Armour
 + Level 9.1 Dodging
 + Level 6.7 Stealth
 + Level 6.2 Shields
 + Level 9.1 Unarmed Combat
 + Level 6.8 Spellcasting
 + Level 5.1 Conjurations
 + Level 5.1 Hexes
 + Level 5.1 Summonings
 + Level 5.1 Necromancy
 + Level 5.1 Translocations
 + Level 5.1 Transmutations
 + Level 5.1 Fire Magic
 + Level 5.1 Ice Magic
 + Level 5.1 Air Magic
 + Level 5.1 Earth Magic
 + Level 5.6 Poison Magic
 + Level 6.8 Invocations
 + Level 6.2 Evocations


You had 19 spell levels left.
You knew the following spells:

 Your Spells              Type           Power      Damage    Failure   Level
a - Sting                 Tmut/Pois      100%       1d8       1%          1
b - Mephitic Cloud        Conj/Pois/Air  26%        N/A       2%          3

Your spell library contained the following spells:

 Spells                   Type           Power      Damage    Failure   Level


Dungeon Overview and Level Annotations

Branches:
Dungeon (12/15)            Temple (1/1) D:6            Lair (0/6) D:8
    Orc: D:9-12

Altars:
Ashenzari
Cheibriados
Dithmenos
Elyvilon
Fedhas
Gozag
Hepliaklqana
Kikubaaqudgha
Makhleb
Nemelex Xobeh
Okawaru
Qazlal
Ru
Sif Muna
Trog
Uskayaw
Vehumet
Wu Jian
Xom
Yredelemnul
Zin
The Shining One

Shops:
D:2 *   D:5 ?


Innate Abilities, Weirdness & Mutations

You have very sharp teeth.
Your uncanny sense of smell can sniff out nearby items.
Your experience applies equally to all skills.


Message History

The vampire is heavily damaged.
The vampire barely misses you. The vampire completely misses you.
You hit the vampire. Your bite misses the vampire.
The vampire is severely damaged.
The vampire draws life force from you!
The vampire is healed by the life force!
You hit the vampire but do no damage.
The vampire is heavily damaged.
The vampire casts a spell.
The vampire flickers and vanishes!
Deactivating autopickup; reactivate with Ctrl-A.
You miss something. Your bite misses something.
Something hits you but does no damage. Something bites you.
Something draws strength from your injuries!
You miss something. Something hits you but does no damage.
Something barely misses you.
You closely miss something. Your punch misses something.
Your bite misses something. Something hits you but does no damage.
Something bites you!
Something draws strength from your injuries!
Something hits you! Something bites you but does no damage.
You barely miss something. You punch something. Your bite misses something.
Something hits you! Something completely misses you.
You slash something!
You hear some strange, mumbled words.
Something tries to affect you, but you resist.
You slash something! Your bite misses something.
Something draws life force from you!
* * * LOW HITPOINT WARNING * * *
You miss something. Something hits you.
* * * LOW HITPOINT WARNING * * *
Something bites you but does no damage.
You slash something! Something hits you but does no damage.
Something bites you.
* * * LOW HITPOINT WARNING * * *
Something draws strength from your injuries!
You miss something. Something hits you but does no damage.
Something bites you but does no damage.
You miss something. Something hits you!
You die...

##.#.###.#####.#
...#........<#.# ##
.######.####...# .#
.# #....#.### .# .#
####.#.# .# .#
..#.#.#####?# ##
#.#.#.#...#.#
#.#.#.#.#.#.###.##
#.#...#..@{......$
#.#######.#.####.#
#.####.....# #.#.#
#........#.###.#V#
##########.#.....#.#
.......# #.#######.#
######.###.# ..
#.....# ## #######


There were no monsters in sight!

Vanquished Creatures
  An ugly thing (D:11)
  2 cyclopes
  An elephant (D:8)
  Joseph (D:7)
  A centaur zombie (D:10)
  Maggie (D:6)
  A kobold demonologist (D:9)
  A troll (D:11)
  A wyvern (D:10)
  13 yaks (D:10)
  A vampire (D:10)
  Eustachio (D:6)
  A steam dragon (D:10)
  A water moccasin (D:7)
  2 sky beasts
  2 black bears (D:8)
  A hornet zombie (D:7)
  An orc warrior (D:8)
  A necrophage (D:3)
  An ogre (D:7)
  4 centaurs
  A phantom (D:6)
  Blork the orc (D:6)
  3 bullfrogs
  3 kobold brigands
  5 scorpions
  2 water moccasin skeletons
  4 wights (D:8)
  9 killer bees
  4 howler monkeys
  3 hounds
  5 orc priests
  2 jellies
  3 gnoll shamans (D:8)
  An iguana (D:6)
  2 orc wizards (D:9)
  6 adders
  2 white imps
  An ufetubus (D:6)
  A worm (D:3)
  A dart slug (D:4)
  10 orcs
  4 ball pythons
  5 bats
  3 endoplasms
  2 giant cockroaches
  6 goblins
  8 hobgoblins
  3 jackals (D:2)
  25 kobolds
  3 quokkas
  3 frilled lizards
  A jackal skeleton (D:4)
  5 rats
176 creatures vanquished.

Vanquished Creatures (others)
  3 fungi
  A plant (D:8)
4 creatures vanquished.

Grand Total: 180 creatures vanquished

Notes
Turn   | Place    | Note
-------+----------+-------------------------------------------
     0 | D:1      | jimonade the Gnoll Wanderer began the quest for the Orb.
     0 | D:1      | jimonade set off with the following items: a +0 dagger, a
                  | potion of brilliance, a +0 pair of gloves, a +0 robe, a
                  | scroll of summoning; and the following spell memorised:
                  | Sting; and the following spells available to memorise:
                  | Mephitic Cloud
     0 | D:1      | Reached XP level 1. HP: 13/13 MP: 4/4
   288 | D:1      | Reached XP level 2. HP: 19/19 MP: 3/5
  1224 | D:2      | Reached XP level 3. HP: 25/25 MP: 5/7
  1489 | D:2      | Found Zohuovil's Assorted Antiques.
  1571 | D:2      | Found a faded altar of an unknown god.
  1630 | D:2      | Reached skill level 1 in Invocations
  1868 | D:2      | You fall into a shaft and drop 2 floors!
  2217 | D:3      | Reached skill level 1 in Fighting
  2217 | D:3      | Reached skill level 1 in Short Blades
  2217 | D:3      | Reached skill level 1 in Long Blades
  2217 | D:3      | Reached skill level 1 in Axes
  2217 | D:3      | Reached skill level 1 in Maces & Flails
  2217 | D:3      | Reached skill level 1 in Polearms
  2217 | D:3      | Reached skill level 1 in Staves
  2217 | D:3      | Reached skill level 1 in Slings
  2217 | D:3      | Reached skill level 1 in Bows
  2217 | D:3      | Reached skill level 1 in Crossbows
  2217 | D:3      | Reached skill level 1 in Throwing
  2217 | D:3      | Reached skill level 1 in Shields
  2217 | D:3      | Reached skill level 1 in Evocations
  2475 | D:3      | Reached XP level 4. HP: 32/32 MP: 6/8
  3321 | D:3      | Learned a level 3 spell: Mephitic Cloud
  3836 | D:4      | Reached skill level 1 in Conjurations
  3836 | D:4      | Reached skill level 1 in Hexes
  3836 | D:4      | Reached skill level 1 in Summonings
  3836 | D:4      | Reached skill level 1 in Necromancy
  3836 | D:4      | Reached skill level 1 in Translocations
  3836 | D:4      | Reached skill level 1 in Transmutations
  3836 | D:4      | Reached skill level 1 in Fire Magic
  3836 | D:4      | Reached skill level 1 in Ice Magic
  3836 | D:4      | Reached skill level 1 in Air Magic
  3836 | D:4      | Reached skill level 1 in Earth Magic
  3938 | D:4      | Reached XP level 5. HP: 32/37 MP: 9/9
  4200 | D:4      | Noticed a necrophage
  4261 | D:3      | Killed a necrophage
  4262 | D:3      | Reached XP level 6. HP: 38/44 MP: 9/11
  4500 | D:4      | Found a basalt altar of Yredelemnul.
  4735 | D:4      | Found a bloodstained altar of Trog.
  4827 | D:4      | Found a glowing silver altar of Zin.
  5003 | D:4      | Found a shimmering blue altar of Sif Muna.
  5005 | D:4      | Found a radiant altar of Vehumet.
  5028 | D:4      | Found an iron altar of Okawaru.
  5346 | D:5      | Entered Level 5 of the Dungeon
  5526 | D:5      | Found an opulent altar of Gozag.
  5541 | D:5      | Reached XP level 7. HP: 48/50 MP: 10/12
  6329 | D:5      | Found Septil's Magic Scroll Shoppe.
  6871 | D:5      | Bought a scroll of teleportation for 42 gold pieces
  6871 | D:5      | Bought a scroll of enchant armour for 105 gold pieces
  6987 | D:6      | Noticed Eustachio
  7004 | D:6      | Killed Eustachio
  7472 | D:6      | Reached XP level 8. HP: 42/57 MP: 14/14
  7904 | D:6      | Found a staircase to the Ecumenical Temple.
  8492 | D:6      | Noticed Maggie
  8514 | D:6      | Noticed Blork the orc
  8518 | D:6      | Killed Maggie
  8527 | D:6      | Killed Blork the orc
  9121 | Temple   | Entered the Ecumenical Temple
  9353 | Temple   | Became a worshipper of Ashenzari the Shackled
  9489 | D:7      | Reached XP level 9. HP: 52/65 MP: 14/16
  9645 | D:7      | Reached skill level 5 in Spellcasting
 10106 | D:7      | Noticed Joseph
 10127 | D:7      | Killed Joseph
 10128 | D:7      | Reached skill level 5 in Armour
 10128 | D:7      | Reached skill level 5 in Stealth
 10893 | D:8      | Reached skill level 5 in Invocations
 11124 | D:8      | Noticed an elephant
 11183 | D:8      | Killed an elephant
 11184 | D:8      | Reached XP level 10. HP: 73/73 MP: 17/18
 11403 | D:8      | Reached skill level 5 in Fighting
 11403 | D:8      | Reached skill level 5 in Short Blades
 11403 | D:8      | Reached skill level 5 in Long Blades
 11403 | D:8      | Reached skill level 5 in Axes
 11403 | D:8      | Reached skill level 5 in Maces & Flails
 11403 | D:8      | Reached skill level 5 in Polearms
 11403 | D:8      | Reached skill level 5 in Staves
 11403 | D:8      | Reached skill level 5 in Slings
 11403 | D:8      | Reached skill level 5 in Bows
 11403 | D:8      | Reached skill level 5 in Crossbows
 11403 | D:8      | Reached skill level 5 in Throwing
 11403 | D:8      | Reached skill level 5 in Shields
 11403 | D:8      | Reached skill level 5 in Evocations
 11563 | D:8      | Noticed a cyclops
 11587 | D:8      | Killed a cyclops
 11845 | D:8      | Found a staircase to the Lair.
 12434 | D:9      | Noticed a kobold demonologist
 12467 | D:9      | Killed a kobold demonologist
 12678 | D:9      | Reached skill level 5 in Poison Magic
 13373 | D:10     | Entered Level 10 of the Dungeon
 13919 | D:10     | Reached XP level 11. HP: 68/81 MP: 16/20
 14076 | D:10     | Reached skill level 5 in Conjurations
 14076 | D:10     | Reached skill level 5 in Hexes
 14076 | D:10     | Reached skill level 5 in Summonings
 14076 | D:10     | Reached skill level 5 in Necromancy
 14076 | D:10     | Reached skill level 5 in Translocations
 14076 | D:10     | Reached skill level 5 in Transmutations
 14076 | D:10     | Reached skill level 5 in Fire Magic
 14076 | D:10     | Reached skill level 5 in Ice Magic
 14076 | D:10     | Reached skill level 5 in Air Magic
 14076 | D:10     | Reached skill level 5 in Earth Magic
 14339 | D:10     | Identified the +6 hand axe of Zebb {vorpal, rC+ rCorr
                  | Int+3}
 15016 | D:11     | Noticed a cyclops
 15034 | D:11     | Killed a cyclops
 15312 | D:11     | Noticed a brown ugly thing
 15332 | D:11     | Killed a brown ugly thing
 15828 | D:12     | Slain by a vampire

Illustrated notes

Levels and vault maps discovered:
D:1:      beargit_arrival_greenhouse, layout_basic
D:2:      layout_rooms, hellmonk_ecumenical_altar_prayer_group, serial_shops,
          nicolae_shop_hallway_plus, chequers_serial_rivers_micro_b,
          grunt_decor_arrowhead
D:3:      layout_basic, serial_forest, infiniplex_forest_clump_curved,
          infiniplex_forest_straight_3, infiniplex_forest_clump_small,
          infiniplex_forest_pool, infiniplex_forest_lined_corner,
          infiniplex_forest_straight_3, infiniplex_forest_lined_3_way
D:4:      layout_basic, nicolae_overflow_hidden_temple,
          mainiacjoe_overflow_small_starburst, old_standard_altar, st_stairs_4
D:5:      layout_layer_cave, mainiacjoe_overflow_chevrons, serial_shops, shop
D:6:      layout_loops_ring, minmay_temple_entry_nine_rooms, uniq_eustachio,
          uniq_maggie, uniq_blork_the_orc
D:7:      layout_basic, uniq_joseph
D:8:      layout_basic, david_lair_generic, minmay_starry_boxes
D:9:      layout_basic
D:10:     layout_cave_pools, enter_bailey_2, minmay_strange_pillars,
          hangedman_decor_slide_cut
D:11:     layout_basic
D:12:     layout_basic, david_orc_3, serial_shops, nicolae_shop_statue_plus,
          chequers_decorated_corner, uniq_psyche, uniq_maurice, uniq_fannar
Temple:   regret_index_temple_generic_petals

Skill      XL: |  1  2  3  4  5  6  7  8  9 10 11 |
---------------+----------------------------------+-----
Poison Magic   | 2 3 4 5 |  5.6
Invocations    | 1 2 3 4 5 6 |  6.8
Fighting       | 1 2 3 4 5 6 |  6.2
Short Blades   | 1 2 3 4 5 6 |  6.2
Long Blades    | 1 2 3 4 5 6 |  6.2
Axes           | 1 2 3 4 5 6 |  6.2
Maces & Flails | 1 2 3 4 5 6 |  6.2
Polearms       | 1 2 3 4 5 6 |  6.2
Staves         | 1 2 3 4 5 6 |  6.2
Slings         | 1 2 3 4 5 6 |  6.2
Bows           | 1 2 3 4 5 6 |  6.2
Crossbows      | 1 2 3 4 5 6 |  6.2
Throwing       | 1 2 3 4 5 6 |  6.2
Shields        | 1 2 3 4 5 6 |  6.2
Evocations     | 1 2 3 4 5 6 |  6.2
Spellcasting   | 3 4 5 6 |  6.8
Conjurations   | 1 2 3 4 5 |  5.1
Hexes          | 1 2 3 4 5 |  5.1
Summonings     | 1 2 3 4 5 |  5.1
Necromancy     | 1 2 3 4 5 |  5.1
Translocations | 1 2 3 4 5 |  5.1
Transmutations | 1 2 3 4 5 |  5.1
Fire Magic     | 1 2 3 4 5 |  5.1
Ice Magic      | 1 2 3 4 5 |  5.1
Air Magic      | 1 2 3 4 5 |  5.1
Earth Magic    | 1 2 3 4 5 |  5.1
Armour         | 3 4 5 6 |  6.7
Stealth        | 3 4 5 6 |  6.7
Dodging        | 7 8 9 |  9.1
Unarmed Combat | 7 8 9 |  9.1

Action                   |  1- 3 |  4- 6 |  7- 9 | 10-12 || total
-------------------------+-------+-------+-------+-------++-------
Melee: Unarmed           |     8 |       |       |       ||     8
       Staff             |    56 |    15 |    13 |    22 ||   106
       Bite              |     3 |     4 |    10 |     9 ||    26
       Punch             |     1 |     7 |     4 |     7 ||    19
       Dagger            |       |    60 |    32 |       ||    92
       Hunting sling     |       |       |     4 |       ||     4
       Halberd           |       |       |    14 |     4 ||    18
       Scimitar          |       |       |       |    39 ||    39
 Fire: Hunting sling     |       |    54 |    43 |       ||    97
Throw: Boomerang         |       |       |       |     7 ||     7
 Cast: Sting             |    48 |    37 |   194 |   195 ||   474
       Mephitic Cloud    |       |     1 |    24 |    52 ||    77
Evoke: Wand              |       |       |     4 |       ||     4
  Use: Scroll            |     1 |     2 |     5 |    12 ||    20
       Potion            |       |       |     3 |       ||     3
 Stab: Confused          |       |       |       |     1 ||     1
Armor: Robe              |    26 |     6 |       |       ||    32
       Leather armour    |       |    26 |    32 |       ||    58
       Skin              |       |       |     9 |       ||     9
       Acid dragon scale |       |       |    27 |    66 ||    93
Dodge: Dodged            |    55 |    79 |   127 |    98 ||   359
